 Dungeon Crawl Stone Soup version 0.18.1-50-g88ac8fd (webtiles) character file.

8415 Gorglomux the Covert (level 11, -12/81 HPs)
             Began as a Vampire Enchanter on Oct 29, 2016.
             Was a Believer of Kikubaaqudgha.
             Mangled by a minotaur
             ... wielding a +0 demon blade of venom
              (16 damage)
             ... in a labyrinth on Oct 30, 2016.
             The game lasted 01:14:50 (10471 turns).

Gorglomux the Covert (Vampire Enchanter)           Turns: 10471, Time: 01:14:52

Health: -12/81     AC:  0    Str:  7    XL:     11   Next: 9%
Magic:  14/20      EV: 30    Int: 20    God:    Kikubaaqudgha [**....]
Gold:   144        SH:  0    Dex: 21    Spells: 8 memorised, 3 levels left

rFire  . . .     SeeInvis +     (weapon currently unavailable)
rCold  + + .     Gourm    .     (armour currently unavailable)
rNeg   + + +     Faith    .     (shield currently unavailable)
rPois  +         Spirit   .     (helmet currently unavailable)
rElec  .         Dismiss  .     (cloak currently unavailable)
rCorr  .         Reflect  .     (gloves currently unavailable)
SustAt .         Harm     .     (boots currently unavailable)
MR     +....                    (no amulet)
Stlth  +++++++...               (ring currently unavailable)
                                (ring currently unavailable)

@: bat-form, flying, very slightly contaminated, regenerating slowly, very
quick, somewhat resistant to hostile enchantments, extremely stealthy
A: fangs 3, see invisible, (unbreathing)
a: End Transformation, Receive Corpses, Renounce Religion


You were in a labyrinth.
You worshipped Kikubaaqudgha.
Kikubaaqudgha was pleased with you.
You were near bloodless.
You were in vampire-bat-form.
You visited 3 branches of the dungeon, and saw 14 of its levels.
You also visited: Labyrinth, Sewer and Ice Cave.

You collected 470 gold pieces.
You spent 326 gold pieces at shops.

Inventory:

Hand Weapons
 a - a +1 dagger
 I - a +2 dagger of freezing (melded)
Armour
 b - a +1 robe (melded)
 g - a +0 pair of gloves of archery (melded)
 s - a +0 cloak (melded)
 F - a +2 hat (melded)
Jewellery
 w - a +3 ring of intelligence
 x - a +2 ring of intelligence (melded)
 M - a +3 ring of dexterity (melded)
Wands
 u - a wand of hasting (4/9)
 B - a wand of disintegration (2/24)
 J - a wand of confusion (23/48)
 L - a wand of lightning (9/15)
Scrolls
 i - 2 scrolls of remove curse
 j - 2 scrolls of immolation
 l - a scroll of noise
 n - 2 scrolls of fear
 p - 3 scrolls of teleportation
 q - a scroll of recharging
 y - 2 scrolls of amnesia
 z - a scroll of magic mapping
 C - a scroll of torment {unknown}
 E - 3 scrolls of fog
Potions
 d - 5 potions of heal wounds
 e - a potion of agility
 h - 8 potions of curing
 k - 4 potions of flight
 m - 2 potions of magic
 o - 2 potions of resistance
 r - 5 potions of lignification
 t - 3 potions of brilliance
 v - 5 potions of might
 A - 2 potions of haste
 D - a potion of berserk rage {unknown}
 G - a potion of invisibility {unknown}
 K - a potion of blood
Books
 c - a book of Maledictions

   Spells                             Type                      Level
   a - Corona                         Hexes                        1
   b - Ensorcelled Hibernation        Hexes/Ice                    2
   c - Confuse                        Hexes                        3
   d - Tukima's Dance                 Hexes                        3
   e - Dazzling Spray                 Conjuration/Hexes            3
 f - Kikubaaqudgha's Disquisition on Unholy Rituals
   (Kikubaaqudgha gifted it to you on level 7 of the Dungeon)

   Spells                             Type                      Level
   a - Animate Skeleton               Necromancy                   1
   b - Corpse Rot                     Necromancy                   2
   c - Sublimation of Blood           Necromancy                   2
   d - Vampiric Draining              Necromancy                   3
   e - Control Undead                 Necromancy                   4
 H - a book of Misfortune

   Spells                             Type                      Level
   a - Confusing Touch                Hexes                        2
   b - Confuse                        Hexes                        3
   c - Gell's Gravitas                Hexes/Translocation          3
   d - Petrify                        Transmutation/Earth          4
   e - Metabolic Englaciation         Hexes/Ice                    5
   f - Yara's Violent Unravelling     Hexes/Transmutation          5
 N - Kikubaaqudgha's Incunabulum of Black Magic
   (Kikubaaqudgha gifted it to you on level 1 of the Lair of Beasts)

   Spells                             Type                      Level
   a - Animate Dead                   Necromancy                   4
   b - Agony                          Necromancy                   5
   c - Cigotuvi's Embrace             Necromancy                   5
   d - Dispel Undead                  Necromancy                   5
   e - Death Channel                  Necromancy                   6


   Skills:
 - Level 6.0 Fighting
 + Level 8.7 Short Blades
 - Level 8.6 Dodging
 - Level 12.2 Stealth
 - Level 6.0 Spellcasting
 + Level 9.9 Hexes


You had 3 spell levels left.
You knew the following spells:

 Your Spells              Type           Power        Failure   Level  Hunger
a - Corona                Hex            #####..      1%          1    None
b - Ensorcelled Hibernat  Hex/Ice        ####..       2%          2    None
c - Confuse               Hex            #####...     1%          3    ##.....
d - Tukima's Dance        Hex            #####...     1%          3    ##.....
e - Dazzling Spray        Conj/Hex       ####..       6%          3    ##.....
f - Sublimation of Blood  Necr           #.........   17%         2    None
g - Corpse Rot            Necr           N/A          17%         2    None
h - Gell's Gravitas       Hex/Tloc       ####......   6%          3    ##.....


Dungeon Overview and Level Annotations

Branches:
Dungeon (11/15)            Temple (1/1) D:5            Lair (2/8) D:8
    Orc: D:9-12

Altars:
Ashenzari
Cheibriados
Dithmenos
Elyvilon
Fedhas
Gozag
Kikubaaqudgha
Makhleb
Nemelex Xobeh
Okawaru
Pakellas
Qazlal
Ru
Sif Muna
Trog
Vehumet
Xom
Yredelemnul
Zin
The Shining One

Shops:
D:5 }   D:6 [!?[!   D:7 ?

Annotations:
D:3 Sigmund


Innate Abilities, Weirdness & Mutations

You heal slowly.
You have razor-sharp teeth.
You have supernaturally acute eyesight.
((You can survive without breathing.))


Message History

Casting: Corpse Rot
Confirm with . or Enter, or press ? or * to list all spells.
Nothing appears to happen.
The minotaur hits you with a demon blade of venom!
The minotaur gores you.
You turn into a vampire bat.
Your +2 dagger of freezing melds into your body.
Your +0 cloak melds into your body.
Your +2 hat melds into your body.
Your +0 pair of gloves of archery melds into your body.
Your +1 robe melds into your body.
Your +3 ring of dexterity melds into your body.
Your +2 ring of intelligence melds into your body.
Your +2 dagger of freezing stops glowing.
Your aim is not that steady anymore.
You feel clumsy.
You feel stupid.
The minotaur hits you with a demon blade of venom!!
* * * LOW HITPOINT WARNING * * *
The minotaur gores you!
You die...
Kikubaaqudgha rasps: "You have failed me!
Welcome... oblivion!"

#8. # ..# #.. #...#
8. #... ##' #.# .
†††.# # #..###
#.... . #
#.#.#.#############
# #. #........Hb.#
.#### .###.###.#
#.#.... #...#. .#
##.#.## .#.### .# #
#.....# #.#. #.. #
#.## ## ### ## . #
#.


You could see a minotaur.

Vanquished Creatures
  A hydra (Lair:1)
  The ghost of jombi the Thaumaturge, a novice DEFE of Vehumet (Lair:1)
  An unseen horror (D:11)
  Joseph (D:7)
  A black mamba (Lair:1)
  A centaur zombie (D:11)
  2 komodo dragons (Lair:1)
  A dancing weapon (D:7)
  6 yaks (D:11)
  A hippogriff (Lair:1)
  A hungry ghost (D:11)
  3 water moccasins
  2 porcupines (Lair:1)
  An orc warrior (D:7)
  A black bear (D:6)
  A sky beast (D:7)
  An eye of draining (D:11)
  A necrophage (D:8)
  An ogre (D:6)
  2 wolves (Lair:1)
  A centaur (D:7)
  3 crocodiles
  3 giant frogs
  A big kobold (Lair:1)
  4 scorpions
  An oklob sapling (D:5)
  6 killer bees (D:11)
  2 howler monkeys
  A crimson imp (D:7)
  2 jellies
  A quasit (D:11)
  7 hounds
  A giant frog skeleton (D:7)
  A gnoll shaman (D:7)
  3 orc priests
  8 orc wizards
  5 iguanas
  8 worker ants
  4 hound skeletons
  Robin (D:2)
  5 gnolls (D:7)
  16 adders
  2 howler monkey skeletons
  8 river rats
  2 shadow imps
  12 white imps (Lair:1)
  An ooze (D:6)
  2 adder zombies
  A worm (D:3)
  3 dart slugs
  6 giant geckos
  31 orcs
  2 bats (D:1)
  7 giant cockroaches
  20 goblins
  7 hobgoblins
  25 jackals
  6 kobolds
  2 quokkas
  5 ball pythons
  A giant gecko skeleton (D:4)
  A giant gecko zombie (D:6)
  11 giant newts
  18 rats
  A fungus (D:8)
  A plant (D:5)
289 creatures vanquished.

Vanquished Creatures (collateral kills)
  3 orc warriors
  An ogre (D:7)
  An orc priest (D:11)
5 creatures vanquished.

Vanquished Creatures (others)
  A dancing weapon (D:7)
  2 fungi (Lair:1)
  A plant (Lair:1)
4 creatures vanquished.

Grand Total: 298 creatures vanquished

Notes
Turn   | Place    | Note
--------------------------------------------------------------
     0 | D:1      | Gorglomux the Vampire Enchanter began the quest for the Orb.
     0 | D:1      | Reached XP level 1. HP: 13/13 MP: 3/3
    80 | D:1      | Reached XP level 2. HP: 15/19 MP: 3/5
   158 | D:1      | Reached skill level 5 in Stealth
   185 | D:1      | Learned a level 2 spell: Ensorcelled Hibernation
   441 | D:1      | Reached XP level 3. HP: 17/24 MP: 3/6
   446 | D:1      | Learned a level 3 spell: Confuse
   490 | D:2      | Noticed Robin
   811 | D:2      | Reached skill level 6 in Stealth
   951 | D:2      | Found a basalt altar of Yredelemnul.
   959 | D:2      | Reached XP level 4. HP: 30/30 MP: 7/7
  1170 | D:2      | Killed Robin
  1783 | D:3      | Reached skill level 7 in Stealth
  1783 | D:3      | Reached XP level 5. HP: 35/35 MP: 6/8
  1966 | D:3      | Found an opulent altar of Gozag.
  2195 | D:3      | Noticed Sigmund
  2406 | D:4      | Reached skill level 8 in Stealth
  2475 | D:4      | Found a bloodstained altar of Trog.
  2571 | D:4      | Reached XP level 6. HP: 10/41 MP: 0/9
  2654 | D:4      | Reached skill level 5 in Hexes
  2859 | D:5      | Entered Level 5 of the Dungeon
  2865 | D:5      | Reached skill level 5 in Short Blades
  2944 | D:5      | Found a white marble altar of Elyvilon.
  3023 | D:5      | Found an iron altar of Okawaru.
  3023 | D:5      | Found a shattered altar of Ashenzari.
  3025 | D:5      | Found a glowing silver altar of Zin.
  3025 | D:5      | Found a sparkling altar of Nemelex Xobeh.
  3028 | D:5      | Found a blossoming altar of Fedhas.
  3169 | D:5      | Found a glowing drain.
  3249 | Sewer    | Entered a sewer
  3465 | Sewer    | Reached XP level 7. HP: 41/46 MP: 9/11
  3827 | D:5      | Found Gicu's Gadget Boutique.
  4012 | D:5      | Found a staircase to the Ecumenical Temple.
  4354 | Temple   | Entered the Ecumenical Temple
  4590 | Temple   | Became a worshipper of Kikubaaqudgha
  4729 | D:6      | Found Kikul's Distillery.
  4747 | D:6      | Bought a potion of resistance for 130 gold pieces
  4747 | D:6      | Bought a potion of degeneration for 13 gold pieces
  4747 | D:6      | Bought a potion of flight for 39 gold pieces
  4747 | D:6      | Bought a potion of might for 52 gold pieces
  4778 | D:6      | Found a basalt altar of Yredelemnul.
  4819 | D:6      | Found Vapuiske's Antique Armour Shop.
  4836 | D:6      | Found Yckynk's Distillery.
  4888 | D:6      | Bought a potion of curing for 30 gold pieces
  4888 | D:6      | Bought a potion of brilliance for 40 gold pieces
  4901 | D:6      | Reached skill level 1 in Fighting
  4956 | D:6      | Reached XP level 8. HP: 54/56 MP: 5/14
  5045 | D:6      | Found Farink's Armour Emporium.
  5238 | D:6      | Found Zubios's Magic Scroll Boutique.
  5241 | D:6      | Bought a scroll of fog for 22 gold pieces
  5273 | D:6      | Found an oddly glowing altar of Pakellas.
  5325 | D:6      | Found a sacrificial altar of Ru.
  5468 | D:7      | Learned a level 3 spell: Tukima's Dance
  5476 | D:7      | Learned a level 3 spell: Dazzling Spray
  5490 | D:7      | Found Naem's Magic Scroll Emporium.
  5856 | D:7      | Reached skill level 5 in Dodging
  6013 | D:7      | Reached * piety under Kikubaaqudgha
  6013 | D:7      | Received a gift from Kikubaaqudgha
  6014 | D:7      | Noticed Joseph
  6019 | D:7      | Identified Kikubaaqudgha's Disquisition on Unholy Rituals (Kikubaaqudgha gifted it to you on level 7 of the Dungeon)
  6256 | D:7      | Killed Joseph
  6256 | D:7      | Reached XP level 9. HP: 30/63 MP: 15/15
  6500 | D:7      | Learned a level 2 spell: Sublimation of Blood
  6503 | D:7      | Learned a level 2 spell: Corpse Rot
  7128 | D:8      | You fall through a shaft for 3 floors!
  7193 | D:11     | Noticed a purple ugly thing
  7400 | D:11     | Reached skill level 9 in Stealth
  7473 | D:11     | Noticed an unseen horror
  7480 | D:11     | Killed an unseen horror
  7480 | D:11     | Reached skill level 10 in Stealth
  7541 | D:11     | Reached XP level 10. HP: 70/70 MP: 0/16
  7554 | D:11     | Reached skill level 11 in Stealth
  7794 | D:11     | Found a shattered altar of Ashenzari.
  8302 | D:10     | Entered Level 10 of the Dungeon
  8321 | D:10     | Reached ** piety under Kikubaaqudgha
  8355 | D:10     | Reached skill level 12 in Stealth
  8968 | D:8      | Found a shadowy altar of Dithmenos.
  8968 | D:8      | Found a radiant altar of Vehumet.
  9040 | D:8      | Found a staircase to the Lair.
  9071 | Lair:1   | Entered Level 1 of the Lair of Beasts
  9241 | Lair:1   | Noticed an eight-headed hydra
  9246 | Lair:1   | Noticed a black mamba
  9257 | Lair:1   | Killed a black mamba
  9260 | Lair:1   | Reached skill level 5 in Fighting
  9260 | Lair:1   | Reached skill level 5 in Spellcasting
  9351 | Lair:1   | Noticed jombi's ghost (novice DEFE)
  9358 | Lair:1   | Learned a level 3 spell: Gell's Gravitas
  9391 | Lair:1   | Killed jombi's ghost
  9601 | Lair:1   | Killed an eight-headed hydra
  9601 | Lair:1   | Reached XP level 11. HP: 48/81 MP: 3/20
  9729 | Lair:1   | Found a frozen archway.
  9736 | IceCv    | Entered an ice cave
  9751 | Lair:1   | Reached *** piety under Kikubaaqudgha
  9751 | Lair:1   | Received a gift from Kikubaaqudgha
  9799 | Lair:1   | Identified Kikubaaqudgha's Incunabulum of Black Magic (Kikubaaqudgha gifted it to you on level 1 of the Lair of Beasts)
 10233 | Lair:2   | Found a labyrinth entrance.
 10244 | Lab      | Entered a labyrinth
 10431 | Lab      | Noticed a minotaur
 10471 | Lab      | HP: 4/81 [minotaur/demon blade of venom (25)]
 10471 | Lab      | Mangled by a minotaur

Skill      XL: |  1  2  3  4  5  6  7  8  9 10 |
---------------+-------------------------------+-----
Short Blades   | 2 3 4 5 7 8 |  8.7
Stealth        | 5 6 7 8 10 12 | 12.2
Hexes          | 6 8 9 |  9.9
Spellcasting   | 4 6 |  6.0
Fighting       | 1 3 6 |  6.0
Dodging        | 7 8 |  8.6

Action                   |  1- 3 |  4- 6 |  7- 9 | 10-12 || total
-------------------------+-------+-------+-------+-------++-------
Melee: Dagger            |   114 |   288 |   541 |   286 ||  1229
       Bite              |     6 |    18 |    64 |    22 ||   110
 Cast: Corona            |    12 |    10 |    18 |     9 ||    49
       Ensorcelled Hiber |     9 |    31 |    59 |    31 ||   130
       Confuse           |     1 |    10 |    33 |    21 ||    65
       Tukima's Dance    |       |       |     6 |     1 ||     7
       Dazzling Spray    |       |       |     5 |    11 ||    16
       Gell's Gravitas   |       |       |       |     8 ||     8
       Corpse Rot        |       |       |       |     3 ||     3
Invok: Receive Corpses   |       |       |       |     2 ||     2
 Abil: Bat Form          |       |       |     1 |     2 ||     3
       End Transformatio |       |       |     1 |     1 ||     2
Evoke: Wand              |       |       |     2 |     1 ||     3
  Use: Potion            |     6 |     3 |     3 |     1 ||    13
       Scroll            |       |       |    13 |     5 ||    18
 Stab: Sleeping          |    15 |    43 |    50 |    24 ||   132
       Confused          |       |     3 |    16 |    12 ||    31
       Distracted        |       |     2 |     1 |       ||     3
       Invisible         |       |       |     1 |     1 ||     2
  Eat: Corpse            |     7 |    18 |     7 |       ||    32
Armor: Robe              |    21 |    56 |    74 |    33 ||   184
Dodge: Dodged            |    74 |   183 |   234 |   174 ||   665
